 Dungeon Crawl Stone Soup version 0.27.1-4-g1640c2035a (webtiles) character file.

Game seed: 17927758594430236174

248 ChickenMitten the Skirmisher (level 5, -3/48 HPs)
             Began as a Minotaur Delver on Nov 1, 2021.
             Was an Initiate of Trog.
             Slain by Grinder (5 damage)
             ... on level 4 of the Dungeon.
             The game lasted 00:06:21 (2909 turns).

ChickenMitten the Skirmisher (Minotaur Delver)      Turns: 2909, Time: 00:06:21

Health: -3/48      AC:  3    Str: 17    XL:     5   Next: 86%
Magic:  4/4        EV: 12    Int:  7    God:    Trog [......]
Gold:   24         SH:  0    Dex: 12    Spells: 4/4 levels left

rFire    . . .     SeeInvis .   a - +0 hand axe
rCold    . . .     Faith    .   (no shield)
rNeg     . . .     Spirit   .   b - +0 leather armour
rPois    .         Reflect  .   (helmet restricted)
rElec    .         Harm     .   (no cloak)
rCorr    .         Rampage  .   (no gloves)
Will     .....                  (no boots)
Stlth    ++........             (no amulet)
HPRegen  0.16/turn              (no ring)
MPRegen  0.09/turn              (no ring)

@: lethally poisoned (-3 -> -9)
A: horns 2, retaliatory headbutt
a: Renounce Religion


You were on level 4 of the Dungeon.
You worshipped Trog.
Trog was noncommittal.
You visited 2 branches of the dungeon, and saw 4 of its levels.

You collected 24 gold pieces.

Inventory:

Hand Weapons
 a - a +0 hand axe (weapon)
 l - a +0 whip of venom
Armour
 b - a +0 leather armour (worn)
Wands
 g - a wand of digging (3)
Scrolls
 c - a scroll of fog
 d - a scroll of magic mapping
 e - a scroll of fear
 i - a scroll of teleportation {unknown}
 j - 2 scrolls of identify
Potions
 f - 2 potions of haste
 h - a potion of cancellation {unknown}
 k - 2 potions of mutation
 m - a potion of might {unknown}


   Skills:
 * Level 5.2 Fighting
 * Level 4.7 Axes
 * Level 4.1 Armour
 - Level 2.1 Dodging
 - Level 4.1 Stealth


You had 4 spell levels left.
You didn't know any spells.
Your spell library was empty.

Dungeon Overview and Level Annotations

Branches:
Dungeon (5/15)             Temple (1/1) D:4

Altars:
Ashenzari
Cheibriados
Dithmenos
Elyvilon
Fedhas
Gozag
Hepliaklqana
Kikubaaqudgha
Makhleb
Nemelex Xobeh
Okawaru
Qazlal
Trog
Uskayaw
Vehumet
Wu Jian
Xom
Yredelemnul
Zin
The Shining One

Annotations:
D:4 5 runed translucent doors, Grinder; Jaiteiro's ghost, novice MiTm


Innate Abilities, Weirdness & Mutations

You have a pair of horns on your head.
You reflexively headbutt those who attack you in melee.


Message History

The water moccasin bites you. Grinder gestures at you.
You resist with significant effort.
You hit the water moccasin.
The water moccasin is heavily wounded.
The water moccasin bites you but does no damage.
The water moccasin bites you!
You are poisoned.
The water moccasin poisons you!
You barely miss the water moccasin.
The water moccasin is heavily wounded.
You hit Grinder.
You feel very sick. The water moccasin bites you. Grinder barely misses you.
The water moccasin closely misses you.
You are too injured to fight recklessly!
You are too injured to fight recklessly!
You are too injured to fight recklessly!
You are too injured to fight recklessly!
You hit Grinder but do no damage. Your headbutt misses Grinder.
Grinder is lightly wounded.
You hit the water moccasin.
You feel very sick. Grinder hits you but does no damage.
The water moccasin misses you.
You slash Grinder!
Grinder is moderately wounded.
You barely miss the water moccasin.
You feel very sick. The water moccasin barely misses you. Grinder hits you.
* * * LOW HITPOINT WARNING * * *
You writhe in agony.
* * * LOW HITPOINT WARNING * * *
The water moccasin bites you.
* * * LOW HITPOINT WARNING * * *
You closely miss Grinder.
Grinder is moderately wounded.
You hit the water moccasin but do no damage.
* * * LOW HITPOINT WARNING * * *
You feel sick. Grinder hits you.
You die...

...#####........(..# #........
...................# #........
.....#...#..#...#### ##....##.
....##.8.##..#### #####....##.
...##.....##....# +...........
..##..#.#..##...# #...........
.....##.##......# #######..###
'...##...##...#'#################
..8....>....8..)@S.#............#
....##...##....5...#.......5....'
.....##.##......####..##..##...##
..##..#.#..##.######..##..##...##
#..##.....##.(.....5......#......
....##.8.##(...................5.
.....#...#..##..####...#########.
.##........###..####...#o..zW..#.
.##....................#S.###..#.


You could see Grinder and a water moccasin.

Vanquished Creatures
  A necrophage (D:4)
  A jelly (D:5)
  An orc priest (D:4)
  A hound (D:4)
  A hound skeleton (D:4)
  Robin (D:4)
  An adder (D:4)
  A white imp (D:5)
  An adder skeleton (D:4)
  4 orcs
  2 ball pythons (D:4)
  9 goblins
  5 hobgoblins
  A kobold (D:5)
30 creatures vanquished.

Notes
Turn   | Place    | Note
-------+----------+-------------------------------------------
     0 | D:5      | ChickenMitten the Minotaur Delver began the quest for the
                  | Orb.
     0 | D:5      | Reached XP level 1. HP: 19/19 MP: 0/0
   105 | D:4      | Found a staircase to the Ecumenical Temple.
   129 | D:4      | Reached skill level 4 in Fighting
   129 | D:4      | Reached skill level 1 in Armour
   129 | D:4      | Reached XP level 2. HP: 23/27 MP: 1/1
   132 | Temple   | Entered the Ecumenical Temple
   331 | Temple   | Became a worshipper of Trog the Wrathful
   496 | D:4      | Noticed a necrophage
  1104 | D:4      | Reached XP level 3. HP: 8/34 MP: 2/2
  1377 | D:4      | Found a large runed translucent door.
  1377 | D:4      | Found a large runed translucent door.
  1425 | D:3      | Noticed an ogre
  1431 | D:3      | Noticed Robin
  1556 | D:4      | Killed Robin
  1557 | D:4      | Reached XP level 4. HP: 11/41 MP: 3/3
  1956 | D:4      | Found a runed translucent gate.
  1965 | D:4      | Found a runed translucent gate.
  1966 | D:4      | Found a runed translucent gate.
  1967 | D:4      | Noticed Jaiteiro's ghost (novice MiTm)
  1987 | D:4      | Found a hide-covered altar of Uskayaw.
  1989 | D:4      | Noticed a +0 dagger
  1989 | D:4      | Noticed a +0 hand axe
  2397 | D:4      | Killed a necrophage
  2398 | D:4      | Reached skill level 5 in Fighting
  2398 | D:4      | Reached XP level 5. HP: 40/48 MP: 4/4
  2554 | D:4      | Found a sparkling altar of Nemelex Xobeh.
  2643 | D:4      | Noticed Grinder
  2643 | D:4      | Paralysed by Grinder for 6 turns
  2653 | D:4      | Paralysed by Grinder for 3 turns
  2668 | D:4      | Paralysed by Grinder for 3 turns
  2894 | D:5      | Noticed a water moccasin
  2909 | D:4      | HP: 2/48 [poisoned by a water moccasin]
  2909 | D:4      | Slain by Grinder

Illustrated notes

Levels and vault maps discovered:
D:3:      layout_basic, serial_shops, nicolae_diamond_shop, minmay_unequal,
          uniq_robin
D:4:      layout_gridville, dancing_weapons_uskayaw, jmf_multi_god_temple2,
          old_standard_altar, minmay_temple_entry_waves, gammafunk_ghost_split,
          uniq_grinder
D:5:      layout_gridville, minmay_crystal_water
Temple:   hc_temple_tempest_star

Skill      XL: |  1  2  3  4  5 |
---------------+----------------+-----
Fighting       | 4 5 |  5.2
Armour         | 1 2 3 4 |  4.1
Axes           | 3 4 |  4.7
Dodging        | |  2.1
Stealth        | |  4.1

Action                   |  1- 3 |  4- 6 || total
-------------------------+-------+-------++-------
Melee: Hand axe          |    41 |    45 ||    86
       Headbutt          |    10 |    10 ||    20
  Use: Scroll            |       |     1 ||     1
 Stab: Sleeping          |     1 |     3 ||     4
Armor: Leather armour    |    10 |     7 ||    17
Dodge: Dodged            |    26 |    33 ||    59
